 Dungeon Crawl Stone Soup version 0.29-a0-330-g52719c12eb (webtiles) character file.

Game seed: 9697150962751789273

5310 Crownlay the Geomancer (level 10, -9/68 HPs)
             Began as an Octopode Earth Elementalist on May 11, 2022.
             Was an Initiate of Gozag.
             Mangled by a yak (15 damage)
             ... on level 9 of the Dungeon.
             The game lasted 00:21:13 (12119 turns).

Crownlay the Geomancer (OpEE)                      Turns: 12119, Time: 00:21:13

Health: -9/68      AC:  1    Str:  5 (7)  XL:     10   Next: 64%
Magic:  16/26      EV: 13    Int: 22      God:    Gozag
Gold:   786        SH:  5    Dex: 19      Spells: 5/19 levels left

rFire   . . .      SeeInvis .   t - +6 dagger (venom)
rCold   . . .      Faith    .   (no shield)
rNeg    . . .      Spirit   .   (helmet restricted)
rPois   +          Reflect  +   o - amulet of reflection
rElec   .          Harm     .   c - ring of flight
rCorr   .          Rampage  .   p - ring of poison resistance
Will    .....                   q - ring of magical power
Stlth   +++.......              F - +6 ring of dexterity
HPRegen 0.21/turn               (no ring)
MPRegen 0.20/turn               (no ring)
                                (no ring)
                                (no ring)

@: about to teleport, gold aura, flying
A: almost no armour, amphibious, 8 rings, camouflage 1, gelatinous body 1,
(nimble swimmer 1), tentacles
a: Renounce Religion, Potion Petition, Call Merchant, Bribe Branch


You were on level 9 of the Dungeon.
You worshipped Gozag.
Gozag was pleased with you.
You visited 2 branches of the dungeon, and saw 10 of its levels.

You collected 1011 gold pieces.
You spent 112 gold pieces at shops.
You paid 113 gold pieces to Gozag.

Inventory:

Hand Weapons
 t - a +6 dagger of venom (weapon)
Missiles
 a - 70 stones
 y - 2 curare-tipped darts
 A - 2 throwing nets
Jewellery
 c - a ring of flight (left tentacle)
 n - a ring of ice
 o - an amulet of reflection (around mantle)
 p - a ring of poison resistance (right tentacle)
 q - a ring of magical power (on tentacle)
 F - a +6 ring of dexterity (on tentacle)
Wands
 j - a wand of digging (9)
 u - a wand of iceblast (11)
 v - a wand of polymorph (15)
 E - a wand of paralysis (10)
 G - a wand of charming (11)
Scrolls
 d - a scroll of fog
 e - a scroll of fear
 f - 4 scrolls of teleportation
 i - 2 scrolls of enchant armour
 m - a scroll of summoning
 B - 2 scrolls of magic mapping
 D - a scroll of amnesia
 H - a scroll of holy word {unknown}
Potions
 b - 2 potions of magic
 g - 5 potions of haste
 h - a potion of resistance {unknown}
 k - 2 potions of mutation
 l - 3 potions of degeneration
 r - a potion of berserk rage {unknown}
 s - 2 potions of might
 w - a potion of cancellation {unknown}
 x - 2 potions of flight
 z - a potion of curing {unknown}
 C - a potion of lignification {unknown}
 I - 2 potions of heal wounds {unknown}


   Skills:
 - Level 6.0 Fighting
 - Level 2.0 Dodging
 - Level 2.6 Stealth
 * Level 5.1 Spellcasting
 - Level 7.0 Conjurations
 * Level 5.1 Transmutations
 * Level 10.4 Earth Magic


You had 5 spell levels left.
You knew the following spells:

 Your Spells              Type           Power      Damage    Failure   Level
a - Sandblast             Erth           100%       2d20      1%          1
b - Stone Arrow           Conj/Erth      88%        3d12      1%          3
c - Petrify               Tmut/Erth      39%        N/A       4%          4
d - Statue Form           Tmut/Erth      26%        N/A       54%         6

Your spell library contained the following spells:

 Spells                   Type           Power      Damage    Failure   Level
 Passwall                 Tmut/Erth      32%        N/A       1%          2
 Blink                    Tloc           10%        N/A       16%         2
 Lesser Beckoning         Tloc           5%         N/A       30%         3
 Manifold Assault         Tloc           5%         N/A       95%         5
 Metabolic Englaciation   Hex/Ice        2%         N/A       95%         5


Dungeon Overview and Level Annotations

Branches:
Dungeon (9/15)             Temple (1/1) D:7
   Lair: D:8-11         Orc: D:9-12

Altars:
Cheibriados
Dithmenos
Elyvilon
Fedhas
Gozag
Hepliaklqana
Makhleb
Nemelex Xobeh
Okawaru
Qazlal
Ru
Sif Muna
Uskayaw
Vehumet
Wu Jian
Xom
Yredelemnul
Zin
The Shining One
Beogh

Shops:
D:6 ?:

Annotations:
D:7 Joseph, Menkaure


Innate Abilities, Weirdness & Mutations

You cannot wear most types of armour.
You are amphibious.
You can wear up to eight rings at the same time.
Your skin changes colour to match your surroundings (Stealth+).
Your rubbery body absorbs attacks. (AC +1, EV +1)
((You are camouflaged when in or above water. (Stealth+)))
You have tentacles for arms and can constrict up to eight enemies at once.


Message History

The yak is moderately wounded.
The blast of sand hits the yak!
The yak is severely wounded.
The yak gores you!
The blast of sand hits the yak!!
You kill the yak!
You feel your dexterity returning.
The blast of sand hits the yak.
The yak is lightly wounded.
The gargoyle is distracted by your dazzling golden aura.
You block the yak's attack. The yak gores you!
Casting: Sandblast (safe; 1% risk of failure)
Confirm with . or Enter, or press ? or * to list all spells.
Aiming: Sandblast (safe; 1% risk of failure)
Press: ? - help, Shift-Dir - straight line, f/p - yak
Aim: a yak (lightly wounded, 90% to hit)
The blast of sand hits the yak!!
The yak is heavily wounded.
The yak gores you! x2
Casting: Sandblast (safe; 1% risk of failure)
Confirm with . or Enter, or press ? or * to list all spells.
Aiming: Sandblast (safe; 1% risk of failure)
Press: ? - help, Shift-Dir - straight line, f - you, p - yak
Okay, then.
As you read the scroll of teleportation, it crumbles to dust.
You feel strangely unstable. The yak gores you. x2
Casting: Sandblast (safe; 1% risk of failure)
Confirm with . or Enter, or press ? or * to list all spells.
Aiming: Stone Arrow (safe; 1% risk of failure)
Press: ? - help, Shift-Dir - straight line, f/p - yak
Aim: a yak (heavily wounded, 85% to hit)
The stone arrow hits the yak!
The yak is almost dead.
You block the yak's attack. The yak gores you!
* * * LOW HITPOINT WARNING * * *
Okay, then.
Okay, then.
The yak attacks as you move away! The yak gores you!
You die...
Your body crumbles into a pile of gold.

###...# ........####
#...... ..........#
#.....# #########.#
#.....# ########.##
#.....# #.....##.#.
#.....####.....##.#.
#.......)..).).'..#.
#.Y$..####.....####.
#.#@### #.....# #. #
#Y# #.....# #. #.#.#
#.....# #. .#..9.
#.....# #. .. ...
#.....# #.
#####.#..... #.....#
## ..Y.Y .....


YYY ....... #.# You could see 2 yaks and a gargoyle.

Vanquished Creatures
  A cyclops (D:9)
  A troll (D:7)
  Prince Ribbit (D:5)
  A wyvern (D:7)
  7 yaks
  A water moccasin (D:7)
  5 orc warriors
  4 black bears
  A sky beast (D:6)
  3 phantoms
  5 kobold brigands
  4 bullfrogs
  A gnoll sergeant (D:8)
  2 necrophages (D:6)
  2 scorpions
  3 howler monkeys (D:8)
  2 hounds
  2 jellies
  2 gnoll shamans
  6 orc priests
  Ijyb (D:4)
  3 iguanas
  11 orc wizards
  20 gnolls
  6 adders
  A shadow imp (D:7)
  3 white imps
  43 orcs
  6 bats
  4 endoplasms
  3 giant cockroaches
  5 goblins
  2 hobgoblins (D:4)
  6 jackals
  A quokka (D:2)
  3 ball pythons
  2 frilled lizards
  20 kobolds
  4 rats
198 creatures vanquished.

Vanquished Creatures (others)
  An adder (D:3)
  An endoplasm (D:3)
  A kobold (D:8)
3 creatures vanquished.

Grand Total: 201 creatures vanquished

Notes
Turn   | Place    | Note
-------+----------+-------------------------------------------
     0 | D:1      | Crownlay the Octopode Earth Elementalist began the quest
                  | for the Orb.
     0 | D:1      | Reached XP level 1. HP: 11/11 MP: 3/3
   282 | D:1      | Reached XP level 2. HP: 8/17 MP: 5/5
   894 | D:1      | Found a faded altar of an unknown god.
   937 | D:2      | Noticed a black bear
   946 | D:2      | Killed a black bear
   947 | D:2      | Reached skill level 5 in Earth Magic
   947 | D:2      | Reached XP level 3. HP: 8/21 MP: 0/6
   947 | D:2      | Reached XP level 4. HP: 10/27 MP: 0/7
  1287 | D:2      | Learned a level 3 spell: Stone Arrow
  1771 | D:2      | Reached XP level 5. HP: 31/31 MP: 4/8
  2557 | D:3      | Found a radiant altar of Vehumet.
  3337 | D:4      | Reached skill level 6 in Earth Magic
  3348 | D:4      | Reached skill level 1 in Fighting
  3348 | D:4      | Reached skill level 1 in Conjurations
  3348 | D:4      | Reached XP level 6. HP: 20/38 MP: 7/9
  3684 | D:4      | Noticed Ijyb
  3690 | D:4      | Killed Ijyb
  3896 | D:4      | Noticed a black bear
  3900 | D:4      | Killed a black bear
  4037 | D:4      | Reached XP level 7. HP: 45/45 MP: 10/10
  4308 | D:4      | Found an iron altar of Okawaru.
  4622 | D:5      | Entered Level 5 of the Dungeon
  4753 | D:5      | Reached skill level 7 in Earth Magic
  4797 | D:5      | Noticed Prince Ribbit
  4800 | D:5      | Killed Prince Ribbit
  4801 | D:5      | Reached XP level 8. HP: 54/54 MP: 11/11
  4809 | D:5      | Learned a level 4 spell: Petrify
  5926 | D:6      | Reached skill level 5 in Fighting
  5926 | D:6      | Reached skill level 5 in Conjurations
  5975 | D:6      | Found Muil's Book Boutique.
  5984 | D:6      | Reached skill level 8 in Earth Magic
  6134 | D:6      | Found a stormy altar of Qazlal.
  6142 | D:6      | Reached XP level 9. HP: 61/61 MP: 6/12
  6371 | D:6      | Found a hide-covered altar of Uskayaw.
  6747 | D:6      | Found Yrapuim's Magic Scroll Shop.
  6754 | D:6      | Bought 2 scrolls of magic mapping for 98 gold pieces
  6754 | D:6      | Bought a scroll of noise for 14 gold pieces
  7036 | D:7      | Found a staircase to the Ecumenical Temple.
  7059 | D:7      | Noticed a troll
  7062 | Temple   | Entered the Ecumenical Temple
  7070 | Temple   | Became a worshipper of Gozag Ym Sagoz the Greedy
  7083 | D:7      | Killed a troll
  7084 | D:7      | Reached skill level 9 in Earth Magic
  7514 | D:7      | Noticed Joseph
  8030 | D:7      | Found an ornate altar of the Wu Jian Council.
  8032 | D:7      | Noticed Menkaure
 10024 | D:8      | Reached XP level 10. HP: 45/68 MP: 10/15
 10289 | D:8      | Learned a level 6 spell: Statue Form
 10680 | D:8      | Found a shimmering blue altar of Sif Muna.
 10951 | D:9      | Noticed a rakshasa
 11599 | D:9      | Noticed a cyclops
 11602 | D:9      | Killed a cyclops
 11603 | D:9      | Reached skill level 10 in Earth Magic
 12107 | D:9      | Noticed a gargoyle
 12112 | D:9      | Reached skill level 5 in Spellcasting
 12112 | D:9      | Reached skill level 5 in Transmutations
 12119 | D:9      | Mangled by a yak

Illustrated notes

Levels and vault maps discovered:
D:1:      lemuel_arrival_muddy, layout_loops_ring,
          shapermc_ecumenical_altar_mp_urbaneastern, minmay_misc_feat_chi
D:2:      layout_basic
D:3:      layout_basic, fiery_altar_vehumet
D:4:      layout_loops_ring, lemuel_tele_altar, uniq_ijyb
D:5:      layout_cave_pods, minmay_misc_feat_enclosed, uniq_prince_ribbit1
D:6:      layout_basic, mainiacjoe_overflow_boulevard,
          mainiacjoe_overflow_paths, serial_shops, shop, shop
D:7:      layout_rooms, nicolae_overflow_hidden_temple,
          minmay_temple_entry_trees, grunt_ministairs_12, uniq_menkaure,
          uniq_joseph
D:8:      layout_basic, mainiacjoe_overflow_alcove_4, special_room
          [special_room_orc], minmay_misc_feat_tiny
D:9:      layout_basic, gammafunk_ghost_wrathful_warriors, serial_curves,
          eino_curves_03, eino_curves_04
Temple:   nicolae_temple_x_marks_the_god

Skill      XL: |  1  2  3  4  5  6  7  8  9 10 |
---------------+-------------------------------+-----
Earth Magic    | 5 6 7 8 9 10 | 10.4
Fighting       | 1 2 4 5 6 |  6.0
Conjurations   | 1 2 4 5 6 7 |  7.0
Transmutations | 3 5 |  5.1
Spellcasting   | 3 5 |  5.1
Dodging        | |  2.0
Stealth        | |  2.6

Action                   |  1- 3 |  4- 6 |  7- 9 | 10-12 || total
-------------------------+-------+-------+-------+-------++-------
Melee: Unarmed           |    17 |     3 |       |       ||    20
       Constrict         |     6 |    13 |     6 |       ||    25
       Tentacles         |     6 |     9 |     5 |       ||    20
       Dagger            |       |    29 |    33 |     2 ||    64
       Punch             |       |     1 |     1 |       ||     2
 Cast: Sandblast         |     6 |    42 |    99 |    53 ||   200
       Stone Arrow       |       |       |    68 |    27 ||    95
       Petrify           |       |       |     1 |       ||     1
Evoke: Wand              |       |       |     2 |       ||     2
  Use: Scroll            |       |     1 |    14 |     2 ||    17
       Potion            |       |       |       |     2 ||     2
 Stab: Sleeping          |     1 |     4 |     3 |       ||     8
       Paralysed         |       |       |     2 |       ||     2
Armor: Skin              |     1 |     8 |     2 |     1 ||    12
Dodge: Dodged            |     9 |    27 |    45 |    10 ||    91
Block: Other             |       |       |    16 |     4 ||    20
       Reflection        |       |       |     3 |       ||     3

Table legend: (Time is in decaauts)
 A = Elapsed time spent in this place.
 B = Non-inter-level travel time spent in this place.
 C = Inter-level travel time spent in this place.
 D = Time resting spent in this place.
 E = Time spent auto-exploring this place.
 F = Levels seen in this place.
 G = Mean time per level.
                   A        B        C        D        E       F      G
               +--------+--------+--------+--------+--------+-----+--------+
         Total |  12128 |  11683 |    445 |    366 |   9939 |  10 | 1212.8 |
       Dungeon |  12112 |  11674 |    438 |    366 |   9939 |   9 | 1345.8 |
        Temple |     16 |      9 |      7 |      0 |      0 |   1 |   16.0 |
               +--------+--------+--------+--------+--------+-----+--------+

Top non-repeatable levels by time:
     D:8: 1860 daAuts
     D:6: 1827 daAuts
     D:7: 1446 daAuts
     D:5: 1288 daAuts
     D:3: 1288 daAuts
     D:2: 1220 daAuts
     D:4: 1182 daAuts
     D:9: 1068 daAuts
     D:1: 928 daAuts
  Temple: 16 daAuts
